 Dungeon Crawl Stone Soup version 0.26-a0-1132-ge9770dfcb6 (webtiles) character file.

Game seed: 9201946809083247143

118 Dracia the Ruffian (level 4, -5/44 HPs)
             Began as a Troll Monk on Dec 19, 2020.
             Slain by a gnoll
             ... wielding a +0 halberd
              (11 damage)
             ... on level 3 of the Dungeon.
             The game lasted 00:02:14 (1178 turns).

Dracia the Ruffian (Troll Monk)                     Turns: 1178, Time: 00:02:15

Health: -5/44      AC:  7    Str: 19    XL:     4   Next: 72%
Magic:  3/3        EV: 10    Int:  6    God:
Gold:   41         SH:  0    Dex: 13    Spells: 3/3 levels left

rFire    . . .     SeeInvis .     - Unarmed
rCold    . . .     Faith    .   (no shield)
rNeg     . . .     Spirit   .   a - +1 robe
rPois    .         Reflect  .   (helmet restricted)
rElec    .         Harm     .   (no cloak)
rCorr    .         Rampage  .   (gloves unavailable)
Will     .....                  (boots unavailable)
Stlth    ++........             (no amulet)
HPRegen  0.54/turn              (no ring)
MPRegen  0.08/turn              (no ring)

@: no status effects
A: large, unfitting armour, claws 3, regeneration 1, shaggy fur 1, tough skin 3
a: no special abilities


You were on level 3 of the Dungeon.
You visited 1 branch of the dungeon, and saw 3 of its levels.

You collected 41 gold pieces.


Innate Abilities, Weirdness & Mutations

You are too large for most types of armour.
You have claws for hands.
Your natural rate of healing is unusually fast.
You are covered in fur. (AC +1)
You have extremely tough skin. (AC +3)


   Skills:
 - Level 2.4 Fighting
 - Level 2.4 Dodging
 - Level 1.0 Stealth
 + Level 5.5 Unarmed Combat


You had 3 spell levels left.
You didn't know any spells.
Your spell library was empty.

Inventory:

Armour
 a - a +1 robe (worn)
Jewellery
 d - a -4 ring of intelligence
Scrolls
 b - a scroll of fog
 c - 4 scrolls of identify {@r1@r1}
 e - 2 scrolls of amnesia
Potions
 j - a potion of mutation {unknown}

Dungeon Overview and Level Annotations

Branches:
Dungeon (3/15)

Altars:
Fedhas
Uskayaw
Zin

#....≈≈≈≈≈≈≈≈≈≈
#....≈≈≈≈≈≈≈≈≈≈
#.....P........
# #
###.###########
.. #. #.# #
##.#.# #.# #
.....[# #.# #
##.....#####.#
#
......g@.....#
#.....########
...#. # #


You could see a gnoll.


Message History

Unknown command.
You scratch the gnoll.
The gnoll is severely wounded.
The gnoll hits you.
* * * LOW HITPOINT WARNING * * *
The gnoll closely misses you.
You scratch the gnoll.
You kill the gnoll!
You claw the gnoll!
The gnoll is severely wounded.
The gnoll hits you from afar with a +0 halberd.
* * * LOW HITPOINT WARNING * * *
The gnoll barely misses you.
You claw the gnoll!
You kill the gnoll!
The gnoll hits you from afar with a +0 halberd!
* * * LOW HITPOINT WARNING * * *
You scratch the rat.
You kill the rat!
The gnoll hits you from afar with a +0 halberd.
* * * LOW HITPOINT WARNING * * *
The gnoll hits you but does no damage.
Things that are here:
a +0 halberd; a gnoll corpse You scratch the gnoll.
The gnoll is lightly wounded.
You completely miss the gnoll.
The gnoll is lightly wounded.
The gnoll hits you with a +0 halberd!
You die...

Skill      XL: |  1  2  3 |
---------------+----------+-----
Unarmed Combat | 4 5 |  5.5
Fighting       | |  2.4
Dodging        | |  2.4
Stealth        | |  1.0

Action                   |  1- 3 |  4- 6 || total
-------------------------+-------+-------++-------
Melee: Unarmed           |    91 |    22 ||   113
  Use: Scroll            |     8 |       ||     8
 Stab: Sleeping          |     4 |       ||     4
Armor: Robe              |    22 |     5 ||    27
Dodge: Dodged            |    47 |     9 ||    56

Levels and vault maps discovered:
D:1:      lemuel_arrival_lava_pool, layout_loops_ring
D:2:      layout_rooms, lemuel_doored_altar, nicolae_overflow_hidden_temple
D:3:      lemuel_castle_with_subvaults [lemuel_castle_interior_carwin_2],
          layout_loops_corners, lemuel_crystal_altar

Notes
Turn   | Place    | Note
-------+----------+-------------------------------------------
     0 | D:1      | Dracia the Troll Monk began the quest for the Orb.
     0 | D:1      | Reached XP level 1. HP: 22/22 MP: 0/0
   150 | D:1      | Reached XP level 2. HP: 29/29 MP: 1/1
   314 | D:1      | Reached skill level 4 in Unarmed Combat
   591 | D:2      | Reached XP level 3. HP: 26/36 MP: 2/2
   884 | D:2      | Found a glowing silver altar of Zin.
  1025 | D:2      | Found a blossoming altar of Fedhas.
  1025 | D:2      | Found a hide-covered altar of Uskayaw.
  1064 | D:3      | Reached skill level 5 in Unarmed Combat
  1064 | D:3      | Reached XP level 4. HP: 39/44 MP: 3/3
  1175 | D:3      | HP: 4/44 [gnoll/+0 halberd (1)]
  1178 | D:3      | Slain by a gnoll

Vanquished Creatures
  5 gnolls (D:3)
  An ooze (D:2)
  A worm (D:2)
  3 dart slugs
  2 leopard geckos
  2 ball pythons (D:2)
  6 bats
  2 giant cockroaches
  5 hobgoblins
  4 jackals (D:3)
  3 frilled lizards
  7 goblins
  7 kobolds
  8 rats
56 creatures vanquished.

Table legend: (Time is in decaauts)
 A = Elapsed time spent in this place.
 B = Non-inter-level travel time spent in this place.
 C = Inter-level travel time spent in this place.
 D = Time resting spent in this place.
 E = Time spent auto-exploring this place.
 F = Levels seen in this place.
 G = Mean time per level.
                   A        B        C        D        E       F      G
               +--------+--------+--------+--------+--------+-----+--------+
         Total |   1168 |   1130 |     38 |     23 |    850 |   3 |  389.3 |
       Dungeon |   1168 |   1130 |     38 |     23 |    850 |   3 |  389.3 |
               +--------+--------+--------+--------+--------+-----+--------+

Top non-repeatable levels by time:
     D:1: 577 daAuts
     D:2: 459 daAuts
     D:3: 131 daAuts

Table legend:
 A = Non-vault XP
 B = Vault XP
 C = Vault XP percentage of total XP
 D = Non-vault monster count
 E = Vault monster count
 F = Vault count percentage of total count
                 A         B        C        D         E       F
            +---------+---------+-------+---------+---------+-------
      Total |     132 |      37 |  21.9 |      50 |       6 |  10.7
            +---------+---------+-------+---------+---------+-------
        D:1 |      39 |       0 |   0.0 |      22 |       0 |   0.0
        D:2 |      49 |       0 |   0.0 |      24 |       0 |   0.0
        D:3 |      44 |      37 |  45.7 |       4 |       6 |  60.0
            +---------+---------+-------+---------+---------+-------
